 Dungeon Sprint DCSS version 0.30-a0-965-g42e074c17a (webtiles) character file.

Game seed: 3329033074734238701

30 sircluck the Chopper (level 3, -11/36 HPs)
             Began as a Hill Orc Monk on Mar 31, 2023.
             Mangled by a sleepcap (13 damage)
             ... in the Dungeon (Sprint IX: "|||||||||||||||||||||||||||||").
             The game lasted 00:00:39 (91 turns).

sircluck the Chopper (Hill Orc Monk)                  Turns: 91, Time: 00:00:39

Health: -11/36     AC:  2    Str: 15    XL:     3   Next: 20%
Magic:  3/3        EV:  2    Int: 10    God:
Gold:   0          SH:  0    Dex: 13    Spells: 2/2 levels left

rFire   . . .      SeeInvis .    a - +0 hand axe
rCold   . . .      Faith    .    (no shield)
rNeg    . . .      Spirit   .    b - +0 robe
rPois   .          Reflect  .    (no helmet)
rElec   .          Rampage  .    (no cloak)
rCorr   .          NoTele   +    (no gloves)
Will    .....                    (no boots)
Stlth   ++                       (no amulet)
HPRegen 0.26/turn                (no ring)
MPRegen 0.08/turn                (no ring)

@: sleeping
A: no striking features
a: no special abilities


You were in the Dungeon.
You visited 1 branch

Inventory:

Hand Weapons
 a - a +0 hand axe (weapon)
Armour
 b - a +0 robe (worn)
Scrolls
 i - a scroll of blinking
Potions
 c - a potion of ambrosia
 d - a potion of curing
 e - a potion of heal wounds
 f - a potion of haste
 g - 2 potions of magic
 h - a potion of berserk rage


   Skills:
 + Level 5.3 Fighting
 + Level 6.4 Axes
 + Level 3.6 Dodging
 + Level 1.9 Stealth


You had 2 spell levels left.
You didn't know any spells.
Your spell library was empty.

Dungeon Overview and Level Annotations

Branches:
Dungeon (1/1)

Altars:


Message History

You hit the orc wizard.
The orc wizard is moderately wounded.
The orc wizard hits you with a +0 dagger. x2
You hit the orc wizard.
The orc wizard is severely wounded.
The orc wizard closely misses you.
You barely miss the orc wizard. Your punch misses the orc wizard.
The orc wizard is severely wounded.
The orc wizard hits you with a +0 dagger.
You hit the orc wizard.
The orc wizard is almost dead.
The orc wizard barely misses you.
You hit the orc wizard but do no damage.
The orc wizard is almost dead.
The orc wizard hits you with a +0 dagger.
You hit the orc wizard.
You kill the orc wizard!
Your Fighting skill increases to level 5!
Your Axes skill increases to level 6!
Your Dodging skill increases to level 3!
You have reached level 2!
You have reached level 3!
Your experience leads to an increase in your attributes!
Increase (S)trength, (I)ntelligence, or (D)exterity?
You feel stronger. x2
You hit the sleepcap.
The sleepcap is lightly damaged.
The sleepcap releases spores at you.
You hit the sleepcap.
The sleepcap is moderately damaged.
The sleepcap releases spores at you.
* * * LOW HITPOINT WARNING * * *
You hit the sleepcap.
The sleepcap is heavily damaged.
The sleepcap releases spores at you!
* * * LOW HITPOINT WARNING * * *
You are engulfed in a cloud of soporific spores!
You fall asleep.
The sleepcap releases spores at you!
You die...

▓+▓
▓.▓
▓5▓
▓S▓
▓5▓
▓f▓
▓@▓
▓.▓
▓.▓
▓.▓
▓.▓
▓†▓
▓'▓
▓.▓
▓.▓


You could see a sleepcap, an adder and 2 ufetubi.

Vanquished Creatures
  An orc wizard (D)
  3 endoplasms (D)
  A hobgoblin (D)
  A ball python (D)
6 creatures vanquished.

Notes
Turn   | Place    | Note
-------+----------+-------------------------------------------
     0 | D        | sircluck the Hill Orc Monk began the quest for the Orb.
     0 | D        | Reached XP level 1. HP: 19/19 MP: 1/1
    26 | D        | Reached skill level 5 in Axes
    31 | D        | Noticed a sleepcap
    31 | D        | Noticed an orc wizard
    87 | D        | Killed an orc wizard
    88 | D        | Reached skill level 5 in Fighting
    88 | D        | Reached skill level 6 in Axes
    88 | D        | Reached XP level 2. HP: 15/29 MP: 2/2
    88 | D        | Reached XP level 3. HP: 19/36 MP: 3/3
    91 | D        | Mangled by a sleepcap

Illustrated notes

Levels and vault maps discovered:
D:        linesprint [early_d, line_temple, items_1, d_10, items_2, lair_1,
          lair_end, items_3, orc_1, orc_end, items_4, d_15, swamp_1, shoals_1,
          snake_1, spider_1, d_20, vaults_1, items_5, swamp_end, shoals_end,
          snake_end, spider_end, vaults_end, d_27, items_6, zot_1, zot_end,
          crypt_end, forest_end, elf_end, slime_end, tomb_end, abyss_end,
          pan_hell_end]

Skill      XL: |  1 |
---------------+----+-----
Fighting       | 5 |  5.3
Axes           | 6 |  6.4
Dodging        | 3 |  3.6
Stealth        | |  1.9

Action                     || total
---------------------------++-------
  Melee: Hand axe          ||    33
   Stab: Sleeping          ||     1
  Dodge: Dodged            ||    21

Table legend: (Time is in decaauts)
 A = Elapsed time spent in this place.
 B = Non-inter-level travel time spent in this place.
 C = Inter-level travel time spent in this place.
 D = Time resting spent in this place.
 E = Time spent auto-exploring this place.
 F = Levels seen in this place.
 G = Mean time per level.
                   A        B        C        D        E       F      G
               +--------+--------+--------+--------+--------+-----+--------+
         Total |     93 |     93 |      0 |      7 |      0 |   1 |   93.0 |
       Dungeon |     93 |     93 |      0 |      7 |      0 |   1 |   93.0 |
               +--------+--------+--------+--------+--------+-----+--------+

Top non-repeatable levels by time:
       D: 93 daAuts
